 Dungeon Crawl Stone Soup version 0.20.0-15-g7f486f2 (webtiles) character file.

186 dragoran the Sneak (level 5, 0/25 HPs)
             Began as a Spriggan Enchanter on June 12, 2017.
             Slain by NormalPerson7's ghost (16 damage)
             ... on level 3 of the Dungeon.
             The game lasted 00:09:59 (3732 turns).

dragoran the Sneak (Spriggan Enchanter)             Turns: 3732, Time: 00:10:00

Health: 0/25       AC:  2    Str:  4    XL:     5   Next: 38%
Magic:  6/11       EV: 19    Int: 17    God:
Gold:   25         SH:  0    Dex: 17    Spells: 5/11 levels left

rFire    . . .     SeeInvis +   a - +1 dagger
rCold    . . .     Gourm    .   (shield restricted)
rNeg     . . .     Faith    .   b - +0 robe
rPois    .         Spirit   .   (helmet restricted)
rElec    .         Reflect  .   (no cloak)
rCorr    .         Harm     .   (gloves unavailable)
MR       .....                  (boots unavailable)
Stlth    +++.......             (no amulet)
Regen    0.1/turn               (no ring)
MPRegen  0.2/turn               (no ring)

@: very quick
A: unfitting armour, see invisible, herbivore 3, speed 3, slow metabolism 2
a: no special abilities


You were on level 3 of the Dungeon.
You were not hungry.

You visited 1 branch of the dungeon, and saw 3 of its levels.

You collected 25 gold pieces.

Inventory:

Hand Weapons
 a - a +1 dagger (weapon)
 s - a cursed -1 dagger
Armour
 b - a +0 robe (worn)
Jewellery
 g - an uncursed amulet of magic regeneration {unknown}
Scrolls
 e - 3 scrolls of identify {unknown}
 f - a scroll of magic mapping {unknown}
 l - 2 scrolls of remove curse {unknown}
 m - a scroll of enchant armour {unknown}
 q - a scroll of teleportation {unknown}
 r - a scroll of random uselessness {unknown}
Potions
 h - a potion of invisibility {unknown}
 i - a potion of brilliance {unknown}
 j - a potion of ambrosia {unknown}
 k - a potion of haste {unknown}
 n - a potion of mutation {unknown}
 p - 2 potions of resistance {unknown}
Books
 c - a book of Maledictions

   Spells                             Type                      Level
   a - Corona                         Hexes                        1
   b - Ensorcelled Hibernation        Hexes/Ice                    2
   c - Confuse                        Hexes                        3
   d - Tukima's Dance                 Hexes                        3
   e - Dazzling Spray                 Conjuration/Hexes            3
 o - a book of Minor Magic

   Spells                             Type                      Level
   a - Magic Dart                     Conjuration                  1
   b - Blink                          Translocation                2
   c - Call Imp                       Summoning                    2
   d - Slow                           Hexes                        2
   e - Conjure Flame                  Conjuration/Fire             3
   f - Mephitic Cloud                 Conjuration/Poison/Air       3
Comestibles
 d - 3 bread rations


   Skills:
 + Level 1.4 Fighting
 + Level 2.1 Short Blades
 + Level 4.0 Dodging
 + Level 5.7 Stealth
 + Level 3.6 Spellcasting
 + Level 4.6 Hexes


You had 5 spell levels left.
You knew the following spells:

 Your Spells              Type           Power        Failure   Level  Hunger
a - Confuse               Hex            ###.....     7%          3    ###....
b - Ensorcelled Hibernat  Hex/Ice        ##....       10%         2    ##.....
Z - Corona                Hex            ###....      2%          1    None


Dungeon Overview and Level Annotations

Branches:
Dungeon (3/15)

Altars:

Annotations:
D:3 NormalPerson7's ghost, novice FoWr


Innate Abilities, Weirdness & Mutations

You are very small and have problems with some larger weapons.
You are too small for most types of armour.
You have supernaturally acute eyesight. (SInv)
You are a herbivore.
You cover ground extremely quickly.
You need consume almost no food.


Message History

NormalPerson7's ghost is lightly damaged.
You hit NormalPerson7's ghost but do no damage.
NormalPerson7's ghost is lightly damaged.
You hit NormalPerson7's ghost but do no damage.
NormalPerson7's ghost is lightly damaged.
You hit NormalPerson7's ghost but do no damage.
NormalPerson7's ghost is lightly damaged.
NormalPerson7's ghost completely misses you.
You hit NormalPerson7's ghost but do no damage.
NormalPerson7's ghost is lightly damaged.
NormalPerson7's ghost barely misses you.
You hit NormalPerson7's ghost but do no damage.
NormalPerson7's ghost is lightly damaged.
NormalPerson7's ghost seems less confused.
NormalPerson7's ghost barely misses you.
You hit NormalPerson7's ghost but do no damage.
NormalPerson7's ghost is lightly damaged.
NormalPerson7's ghost hits you!
Ouch! That really hurt!
You die...

....#.......###...#
#...#.............###
...................†.
#>...................
####.......#########
####.......# #
#......##### ###
#.#.W..# #.. # #@##.#
#.. #..#.# #.. #<.#.#
#.. #..#.# #.. #..#.#
#.. # #..#.# ###
#.#..#.#
#####.#..#.#######
#........#.......#


You could see NormalPerson7's ghost.

Vanquished Creatures
  An orc wizard (D:3)
  3 gnolls (D:3)
  5 adders
  2 oozes
  3 worms (D:2)
  3 dart slugs
  3 leopard geckos
  3 orcs (D:3)
  3 bats
  3 giant cockroaches
  6 hobgoblins
  7 kobolds
  A quokka (D:2)
  A ball python (D:3)
  6 frilled lizards
  5 goblins
  6 rats
61 creatures vanquished.

Notes
Turn   | Place    | Note
-------+----------+-------------------------------------------
     0 | D:1      | dragoran the Spriggan Enchanter began the quest for the Orb.
     0 | D:1      | Reached XP level 1. HP: 9/9 MP: 5/5
     3 | D:1      | Noticed an electric eel
     3 | D:1      | Noticed an electric eel
   320 | D:1      | Reached XP level 2. HP: 13/13 MP: 7/7
   488 | D:1      | Learned a level 2 spell: Ensorcelled Hibernation
  1045 | D:1      | Reached XP level 3. HP: 16/16 MP: 3/8
  1050 | D:1      | Learned a level 3 spell: Confuse
  1848 | D:2      | Reached skill level 5 in Stealth
  2015 | D:2      | Reached XP level 4. HP: 21/21 MP: 7/10
  2051 | D:2      | Reached skill level 1 in Fighting
  2840 | D:3      | Reached XP level 5. HP: 25/25 MP: 11/11
  2850 | D:3      | Noticed NormalPerson7's ghost (novice FoWr)
  3732 | D:3      | Slain by NormalPerson7's ghost

Skill      XL: |  1  2  3  4  5 |
---------------+----------------+-----
Spellcasting   | 3 |  3.6
Hexes          | 4 |  4.6
Stealth        | 5 |  5.7
Fighting       | 1 |  1.4
Dodging        | 4 |  4.0
Short Blades   | 2 |  2.1

Action                   |  1- 3 |  4- 6 || total
-------------------------+-------+-------++-------
Melee: Dagger            |    97 |    74 ||   171
 Cast: Ensorcelled Hiber |    22 |    21 ||    43
       Confuse           |       |     6 ||     6
 Stab: Sleeping          |    19 |    20 ||    39
       Confused          |       |     2 ||     2
  Eat: Bread ration      |       |     1 ||     1
Armor: Robe              |     4 |     2 ||     6
Dodge: Dodged            |    68 |    40 ||   108
